 Dungeon Crawl Stone Soup version 0.24.1-4-ge52af88ad5 (webtiles) character file.

Game seed: 17621748030284676254, levelgen mode: deterministic

7 funkygono the Stinger (level 2, -1/19 HPs)
             Began as a Formicid Venom Mage on Apr 16, 2020.
             Slain by a goblin
             ... wielding a cursed +0 dagger
              (2 damage)
             ... on level 1 of the Dungeon.
             The game lasted 00:00:49 (368 turns).

funkygono the Stinger (Formicid Venom Mage)          Turns: 368, Time: 00:00:50

Health: -1/19      AC:  2    Str: 12    XL:     2   Next: 10%
Magic:  0/5        EV: 12    Int: 14    God:
Gold:   27         SH:  0    Dex: 11    Spells: 4/5 levels left

rFire    . . .     SeeInvis +   g - +0 whip
rCold    . . .     Gourm    .   (no shield)
rNeg     . . .     Faith    .   a - +0 robe
rPois    .         Spirit   .   (helmet unavailable)
rElec    .         Reflect  .   (no cloak)
rCorr    .         Harm     .   (no gloves)
MR       .....                  (no boots)
Stlth    ++........             (no amulet)
HPRegen  0.06/turn              (no ring)
MPRegen  0.09/turn              (no ring)

@: no status effects
A: permanent stasis, dig shafts and tunnels, four strong arms, antennae 3
a: Dig, Shaft Self


You were on level 1 of the Dungeon.
You were not hungry.

You visited 1 branch of the dungeon, and saw 1 of its levels.

You collected 27 gold pieces.

Inventory:

Hand Weapons
 g - a +0 whip (weapon)
Missiles
 b - 24 stones (quivered)
Armour
 a - a +0 robe (worn)
Scrolls
 d - a scroll of remove curse {unknown}
Comestibles
 c - a ration


   Skills:
 + Level 2.0 Dodging
 + Level 2.4 Stealth
 + Level 2.2 Spellcasting
 + Level 0.8 Conjurations
 + Level 4.5 Poison Magic


You had 4 spell levels left.
You knew the following spells:

 Your Spells              Type           Power        Failure   Level  Hunger
a - Sting                 Conj/Pois      #...         8%          1    #......

Your spell library contained the following spells:

 Spells                   Type           Power        Failure   Level  Hunger
 Poisonous Vapours        Pois/Air       #.....       14%         2    ###....
 Mephitic Cloud           Conj/Pois/Air  #.......     32%         3    ###....
 Olgreb's Toxic Radiance  Pois           ##......     36%         4    #####..
 Venom Bolt               Conj/Pois      #.........   91%         5    ######.


Dungeon Overview and Level Annotations

Branches:
Dungeon (1/15)

Altars:


Innate Abilities, Weirdness & Mutations

You cannot be hasted, slowed, berserked, paralysed or teleported.
You can dig through walls and to a lower floor.
Your four strong arms can wield two-handed weapons with a shield.
You have a pair of large antennae on your head. (SInv)


Message History

Aim: a goblin, wielding a +0 dagger and wearing a +0 ring mail The sting misses the goblin.
The goblin hits you with a cursed +0 dagger.
You closely miss the goblin. The goblin closely misses you.
You closely miss the goblin.
The goblin hits you with a cursed +0 dagger.
* * * LOW HITPOINT WARNING * * *
The goblin hits you with a cursed +0 dagger.
* * * LOW HITPOINT WARNING * * *
Casting: Sting (safe; 8% risk of failure)
Confirm with . or Enter, or press ? or * to list all spells.
You don't have enough magic to cast that spell.
Unknown command.
You hit the goblin.
The goblin is moderately wounded.
The goblin barely misses you.
You hit the goblin but do no damage.
The goblin is moderately wounded.
The goblin hits you with a cursed +0 dagger.
You die...

#.......# #.......# #
#......)##.#
#..........#
#.......#####..
#.............#
#####...###.... ##.g#
#......# ####.@#
#......#
#....>###......#
#..............#
#.....##.......#
#..............#
#....###.......#
#......#.......####
#.................#
#......##.......#.####


You could see a goblin.

Vanquished Creatures
  A leopard gecko (D:1)
  2 goblins (D:1)
  A hobgoblin (D:1)
  A kobold (D:1)
5 creatures vanquished.

Notes
Turn   | Place    | Note
-------+----------+-------------------------------------------
     0 | D:1      | funkygono the Formicid Venom Mage began the quest for the
                  | Orb.
     0 | D:1      | Reached XP level 1. HP: 13/13 MP: 3/3
   363 | D:1      | Reached XP level 2. HP: 11/19 MP: 1/5
   368 | D:1      | Slain by a goblin

Levels and vault maps discovered:
D:1:      psy_arrival_conway, layout_basic

Skill      XL: |  1 |
---------------+----+-----
Dodging        | 2 |  2.0
Stealth        | |  2.4
Spellcasting   | |  2.2
Conjurations   | |  0.8
Poison Magic   | |  4.5

Action                   || total
-------------------------++-------
Melee: Unarmed           ||     4
       Whip              ||     7
       Club              ||     3
 Cast: Sting             ||     8
Armor: Robe              ||     1
Dodge: Dodged            ||     9
